 Dungeon Crawl Stone Soup version 0.29.1-15-g9cfb28693d (webtiles) character file.

Game seed: 4219784497611635355

4386 CabbageHands the Carver (level 10, -3/79 HPs)
             Began as a Demonspawn Berserker on Apr 10, 2023.
             Was an Elder of Trog.
             Slain by a vampire (11 damage)
             ... on level 7 of the Dungeon.
             The game lasted 00:20:24 (11024 turns).

CabbageHands the Carver (Demonspawn Berserker)     Turns: 11024, Time: 00:20:25

Health: -3/79      AC: 20    Str: 26    XL:     10   Next: 13%
Magic:  0/10       EV: 13    Int:  8    God:    Trog [****..]
Gold:   347        SH:  0    Dex: 15    Spells: 9/9 levels left

rFire   . . .      SeeInvis .   y - +0 scimitar
rCold   + . .      Faith    .   (no shield)
rNeg    . . .      Spirit   +   e - +2 ring mail {rC+}
rPois   .          Reflect  .   (helmet restricted)
rElec   .          Harm     .   (no cloak)
rCorr   .          Rampage  .   s - +0 pair of gloves
Will    +....                   (no boots)
Stlth   +.........              m - amulet of guardian spirit
HPRegen 0.23/turn               i - ring of willpower
MPRegen 0.12/turn               o - +6 ring of strength

@: sanguine armoured, on berserk cooldown, slowed, very slow
A: antennae 1, demonic guardian 1, powered by pain 2, sanguine armour 3
a: Renounce Religion, Berserk, Trog's Hand, Brothers in Arms


You were on level 7 of the Dungeon.
You worshipped Trog.
Trog was greatly pleased with you.
You visited 1 branch of the dungeon, and saw 8 of its levels.

You collected 347 gold pieces.

Inventory:

Hand Weapons
 a - a +0 falchion
 y - a +0 scimitar (weapon)
Missiles
 u - 2 curare-tipped darts (quivered)
Armour
 e - a +2 ring mail of cold resistance (worn)
 p - a +1 helmet
 s - a +0 pair of gloves (worn)
Jewellery
 i - a ring of willpower (left hand)
 k - a +6 ring of dexterity
 m - an amulet of guardian spirit (around neck)
 o - a +6 ring of strength (right hand)
Wands
 r - a wand of roots (11)
Scrolls
 h - 3 scrolls of immolation
 j - 7 scrolls of teleportation
 n - 3 scrolls of identify
 q - a scroll of blinking
 v - a scroll of poison
 w - 2 scrolls of noise
 A - a scroll of enchant weapon
Potions
 b - 2 potions of ambrosia
 c - 2 potions of mutation
 f - 4 potions of haste
 l - a potion of resistance
 t - 2 potions of might
 x - a potion of brilliance {unknown}
 z - 2 potions of degeneration


   Skills:
 + Level 7.0 Fighting
 * Level 11.4 Long Blades
 - Level 2.6 Armour
 - Level 5.0 Dodging


You had 9 spell levels left.
You didn't know any spells.
Your spell library was empty.

Dungeon Overview and Level Annotations

Branches:
Dungeon (8/15)             Temple (0/1) D:4
   Lair: D:8-11

Altars:
Gozag


Innate Abilities, Weirdness & Mutations

You have a pair of small antennae on your head.
A weak demonic guardian rushes to your aid.
You sometimes gain power by taking damage.
When seriously injured, your blood forms very thick armour. (AC +12)


Message History

You feel yourself slow down. Something hits you but does no damage.
Something bites you but does no damage. Something hits you but does no damage.
Something bites you.
Something draws strength from your injuries!
You feel less confused. Something hits you but does no damage.
Something bites you but does no damage.
You hit something but do no damage. Something hits you but does no damage.
Something bites you but does no damage.
You completely miss something. Something hits you!
Something bites you but does no damage. Something hits you but does no damage.
Something bites you.
Something draws strength from your injuries!
You feel much better. Something hits you!
A demonic guardian appears!
Something bites you but does no damage.
You hit something. Something hits you but does no damage.
Something bites you but does no damage.
You hit something but do no damage. Something hits you!
Something bites you but does no damage. Something hits you but does no damage.
Something bites you but does no damage.
You barely miss something.
Your shadow imp disappears in a puff of smoke!
Something hits you. Something bites you!
* * * LOW HITPOINT WARNING * * *
Something draws strength from your injuries!
You hit something but do no damage. Something hits you!
* * * LOW HITPOINT WARNING * * *
A demonic guardian appears!
Something bites you.
* * * LOW HITPOINT WARNING * * *
Something draws strength from your injuries!
You closely miss something. Something hits you.
* * * LOW HITPOINT WARNING * * *
Something bites you but does no damage.
You feel better. Something hits you but does no damage. Something bites you.
* * * LOW HITPOINT WARNING * * *
Something draws strength from your injuries!
Something hits you!
* * * LOW HITPOINT WARNING * * *
Something bites you but does no damage.
You feel better. Something hits you but does no damage. Something bites you!
You die...

#.# #<.####...#♣♣♣♣'♣♣♣♣.#
#.###..# #####......# #.##
#......# #.###### #..# #####.##
##'## ##.# #####.#### ##...##
#.# #........# ##.....## #.#
#.###.##.###.......## ##.##
###.##...#.##>.5{.....####...##
............+...@5....'.......#
##.#####....#.........####...##
##.# #.#..##.......####.#..##
##.# #.#..###.....## #.###..#
##.# #.#..# ##...## ##.#..##
##.#####....#####'## ##..##
##................# #.##
#######.#.#######.# #(# # #.#.#
##.## #.#


You could see 2 friendly ufetubi.

Vanquished Creatures
  A two-headed ogre (D:7)
  A wyvern (D:8)
  Eustachio (D:5)
  A steam dragon (D:7)
  2 ice beasts
  3 orc warriors (D:7)
  A black bear (D:5)
  2 centaurs (D:7)
  3 ogres
  A phantom (D:4)
  2 kobold brigands
  6 scorpions
  2 bullfrogs
  A necrophage (D:7)
  2 gnoll sergeants
  2 wights (D:7)
  5 killer bees (D:7)
  An electric eel (D:7)
  8 hounds
  A jelly (D:5)
  6 orc priests
  2 iguanas
  4 orc wizards
  13 gnolls
  5 adders
  4 white imps
  2 ufetubi
  4 worms
  2 dart slugs
  23 orcs
  6 ball pythons
  5 bats
  6 endoplasms
  4 giant cockroaches
  10 goblins
  9 hobgoblins
  4 jackals (D:4)
  17 kobolds
  3 quokkas
  5 frilled lizards
  5 rats
185 creatures vanquished.

Vanquished Creatures (collateral kills)
  A centaur (D:5)
  A kobold brigand (D:7)
  A necrophage (D:6)
  An iguana (D:5)
  2 gnolls (D:6)
  An orc (D:7)
7 creatures vanquished.

Grand Total: 192 creatures vanquished

Notes
Turn   | Place    | Note
-------+----------+-------------------------------------------
     0 | D:1      | CabbageHands the Demonspawn Berserker began the quest for
                  | the Orb.
     0 | D:1      | Reached XP level 1. HP: 18/18 MP: 1/1
   118 | D:1      | Reached skill level 3 in Long Blades
   201 | D:1      | Gained mutation: You sometimes gain a little power by
                  | taking damage. [demonic ancestry]
   201 | D:1      | Reached XP level 2. HP: 21/24 MP: 2/2
   325 | D:1      | Found a faded altar of an unknown god.
   904 | D:1      | Gained mutation: When seriously injured, your blood forms
                  | armour. (AC +12) [demonic ancestry]
   904 | D:1      | Reached XP level 3. HP: 29/29 MP: 3/3
  1363 | D:2      | Reached ** piety under Trog
  2079 | D:3      | Reached skill level 4 in Long Blades
  2294 | D:3      | Gained mutation: You sometimes gain power by taking damage.
                  | [demonic ancestry]
  2294 | D:3      | Reached XP level 4. HP: 35/35 MP: 4/4
  2629 | D:3      | Noticed a scorpion
  2667 | D:3      | Killed a scorpion
  2668 | D:3      | Gained mutation: When seriously injured, your blood forms
                  | thick armour. (AC +12) [demonic ancestry]
  2668 | D:3      | Reached XP level 5. HP: 33/41 MP: 3/5
  2995 | D:4      | Noticed a phantom
  3030 | D:4      | Killed a phantom
  3031 | D:4      | Reached skill level 5 in Long Blades
  3278 | D:4      | Reached XP level 6. HP: 36/47 MP: 6/6
  3455 | D:4      | Found a staircase to the Ecumenical Temple.
  3976 | D:5      | Entered Level 5 of the Dungeon
  4131 | D:5      | Noticed an ice beast
  4164 | D:5      | Killed an ice beast
  4306 | D:5      | Noticed Eustachio
  4326 | D:5      | Reached skill level 6 in Long Blades
  4531 | D:5      | Killed Eustachio
  4532 | D:5      | Gained mutation: A weak demonic guardian rushes to your
                  | aid. [demonic ancestry]
  4532 | D:5      | Reached XP level 7. HP: 48/52 MP: 7/7
  4948 | D:5      | Reached skill level 7 in Long Blades
  5270 | D:5      | Reached XP level 8. HP: 17/58 MP: 6/8
  5916 | D:5      | Reached skill level 8 in Long Blades
  5916 | D:5      | Reached skill level 5 in Dodging
  6884 | D:6      | Reached *** piety under Trog
  7169 | D:6      | Reached skill level 9 in Long Blades
  7607 | D:7      | Gained mutation: You have a pair of small antennae on your
                  | head. [demonic ancestry]
  7607 | D:7      | Reached XP level 9. HP: 29/66 MP: 5/9
  7858 | D:7      | Found an opulent altar of Gozag.
  7940 | D:7      | Reached skill level 5 in Fighting
  8449 | D:7      | Reached skill level 10 in Long Blades
  9539 | D:7      | Reached **** piety under Trog
  9782 | D:7      | Noticed a four-headed hydra
  9786 | D:7      | Noticed a two-headed ogre
 10490 | D:7      | Reached skill level 11 in Long Blades
 10535 | D:7      | Killed a two-headed ogre
 10536 | D:7      | Gained mutation: When seriously injured, your blood forms
                  | very thick armour. (AC +12) [demonic ancestry]
 10536 | D:7      | Reached XP level 10. HP: 42/77 MP: 7/10
 11023 | D:7      | HP: 1/79 [something (8)]
 11024 | D:7      | Slain by a vampire

Illustrated notes

Levels and vault maps discovered:
D:1:      giann_horns, layout_loops_cross, shapermc_ecumenical_altar_ellora
D:2:      layout_rooms, minmay_misc_feat_roman
D:3:      layout_rooms, minmay_puff
D:4:      layout_rooms, minmay_temple_entry_ruins, grunt_ministairs_4
D:5:      layout_basic, uniq_eustachio
D:6:      layout_basic
D:7:      nzn_winding_woodlands_three_and_one
          [nzn_winding_woodlands_5x15_default,
          nzn_winding_woodlands_5x15_river_crossing,
          nzn_winding_woodlands_5x15_sidewinder,
          nzn_winding_woodlands_center_pierced_h], layout_loops_corners,
          mainiacjoe_overflow_six_doors_small
D:8:      layout_loops_ring, lemuel_coloured_pillars_altar, lightli_minifort

Skill      XL: |  1  2  3  4  5  6  7  8  9 10 |
---------------+-------------------------------+-----
Long Blades    | 3 4 5 6 7 9 11 | 11.4
Armour         | 2 |  2.6
Dodging        | 2 3 4 5 |  5.0
Fighting       | 4 6 7 |  7.0

Action                   |  1- 3 |  4- 6 |  7- 9 | 10-12 || total
-------------------------+-------+-------+-------+-------++-------
Melee: Falchion          |   189 |   261 |   466 |       ||   916
       Punch             |     2 |     4 |     9 |       ||    15
       Scimitar          |       |       |    57 |    64 ||   121
Throw: Dart              |       |    12 |    19 |       ||    31
Invok: Berserk           |     3 |     2 |    10 |     2 ||    17
       Trog's Hand       |       |     1 |       |       ||     1
       Brothers in Arms  |       |       |     1 |       ||     1
  Use: Potion            |       |     3 |       |     3 ||     6
       Scroll            |       |    14 |     5 |       ||    19
 Stab: Distracted        |       |       |     1 |       ||     1
Armor: Animal skin       |     2 |       |       |       ||     2
       Ring mail         |    83 |   135 |   169 |    52 ||   439
Dodge: Dodged            |   119 |   161 |   268 |    37 ||   585
